 Dungeon Crawl Stone Soup version 0.18-a0-1774-gce1f7b6 (webtiles) character file.

551 namelastname112 the Digger (level 7, 50/50 HPs)
             Began as a Green Draconian Earth Elementalist on Apr 15, 2016.
             Quit the game on level 4 of the Dungeon.
             The game lasted 00:05:26 (2847 turns).

namelastname112 the Digger (DrEE)                   Turns: 2847, Time: 00:05:27

Health: 50/50      AC:  6    Str: 11    XL:     7   Next: 7%
Magic:  3/13       EV: 12    Int: 17    God:
Gold:   146        SH:  0    Dex: 11    Spells: 3 memorised, 5 levels left

rFire  . . .     SeeInvis .     h - +0 spear
rCold  . . .     Gourm    .     (armour unavailable)
rNeg   . . .     Faith    .     (no shield)
rPois  +         Spirit   .     (helmet restricted)
rElec  .         Dismiss  .     (no cloak)
rCorr  .         Reflect  .     (no gloves)
SustAt .         Harm     .     (no boots)
MR     .....                    (no amulet)
Stlth  ++........               (no ring)
                                (no ring)

@: not resistant to hostile enchantments, unstealthy
A: breathe noxious fumes, unfitting armour, poison resistance, cold-blooded, AC
+6
a: Breathe Noxious Fumes


You were on level 4 of the Dungeon.
You were hungry.

You visited 1 branch of the dungeon, and saw 4 of its levels.

You collected 146 gold pieces.

Inventory:

Hand Weapons
 h - a +0 spear (weapon)
Missiles
 a - 72 stones (quivered)
Wands
 q - a wand of iceblast (9/15)
Scrolls
 d - 7 scrolls of identify {unknown}
 e - 2 scrolls of magic mapping {unknown}
 f - 2 scrolls of amnesia {unknown}
 g - 2 scrolls of fog {unknown}
 i - 2 scrolls of enchant armour {unknown}
 j - 2 scrolls of random uselessness {unknown}
 m - a scroll of teleportation {unknown}
 n - a scroll of blinking {unknown}
 p - 2 scrolls of remove curse {unknown}
 y - a scroll of fear {unknown}
Potions
 l - a potion of resistance {unknown}
 o - a potion of mutation {unknown}
 r - a potion of heal wounds {unknown}
 s - 2 potions of degeneration {unknown}
 t - 2 potions of flight {unknown}
 u - 2 potions of haste {unknown}
 w - a potion of might {unknown}
 z - 2 potions of brilliance {unknown}
 A - a potion of agility {unknown}
Books
 b - a book of Geomancy

   Spells                             Type                      Level
   a - Sandblast                      Earth                        1
   b - Passwall                       Transmutation/Earth          2
   c - Stone Arrow                    Conjuration/Earth            3
   d - Petrify                        Transmutation/Earth          4
   e - Lee's Rapid Deconstruction     Earth                        5
Comestibles
 c - 3 bread rations
 k - 3 fruits
 v - a beef jerky
 x - a royal jelly
 B - a slice of pizza
 C - a chunk of flesh


   Skills:
 - Level 1.7 Dodging
 - Level 1.7 Stealth
 + Level 4.3 Spellcasting
   Level 1.0 Transmutations
 * Level 6.8 Earth Magic


You had 5 spell levels left.
You knew the following spells:

 Your Spells              Type           Power        Failure   Level  Hunger
a - Lee's Rapid Deconstr  Erth           ####......   30%         5    ######.
x - Stone Arrow           Conj/Erth      ###...       12%         3    ###....
z - Sandblast             Erth           ####..       1%          1    None


Dungeon Overview and Level Annotations

Branches:
Dungeon (4/15)
 Temple: D:4-7

Altars:


Innate Abilities, Weirdness & Mutations

You can breathe blasts of noxious fumes.
Your lurid green scales are hard (AC +6).
Your body does not fit into most forms of armour.
Your system is resistant to poisons.
You are cold-blooded and may be slowed by cold attacks.


Message History

HP restored.
Health restored: 50
Things that are here:
a dagger; a robe There isn't anything to butcher here.
Things that are here:
a hand axe; a scale mail There isn't anything to butcher here.
Things that are here:
a dagger; a robe; an orc corpse You butcher the orc corpse.
C - a chunk of flesh
Things that are here:
a dagger; a robe A quokka skeleton comes into view.
You see here a scroll labeled YMUUTE DOZORCH.
There isn't anything to butcher here.
There isn't anything to butcher here.
You see here a war axe.
Are you sure you want to abandon this character and quit the game? (Confirm with "yes".)

###.# ..# #.#####.#
.....# ###.......# .....#
..........# .....#
........#.#######.....#
........#.......#..Z..##.
........#.......#.....#.
........#.......#...<...
.......(# #..@.#(..#
........# ##..........
###..########.?.###.####
# ##..##....)))...#.### #
#......######.....# #
#.....## ##.##......
#####. ####.###.....
#..####......# .... ##
##...........# ...


You could see a quokka skeleton.

Vanquished Creatures
  The ghost of skk the Sneak, an amateur DsAs (D:4)
  A phantom (D:4)
  An ogre (D:3)
  An orc priest (D:4)
  2 orc wizards (D:4)
  Ijyb (D:2)
  3 adders
  A howler monkey skeleton (D:4)
  A worm (D:2)
  2 dart slugs
  4 giant geckos
  2 orcs (D:3)
  2 giant cockroaches
  6 hobgoblins
  4 jackals (D:1)
  6 bats
  4 giant newts
  5 goblins
  2 kobolds
  7 rats
56 creatures vanquished.

Notes
Turn   | Place    | Note
--------------------------------------------------------------
     0 | D:1      | namelastname112 the Draconian Earth Elementalist began the quest for the Orb.
     0 | D:1      | Reached XP level 1. HP: 14/14 MP: 3/3
   144 | D:1      | Reached XP level 2. HP: 20/20 MP: 1/5
   932 | D:2      | Reached XP level 3. HP: 23/26 MP: 0/6
  1120 | D:2      | Reached skill level 4 in Earth Magic
  1122 | D:2      | Noticed Ijyb
  1315 | D:2      | Killed Ijyb
  1315 | D:2      | Reached XP level 4. HP: 16/33 MP: 3/8
  1506 | D:2      | Learned a level 3 spell: Stone Arrow
  2147 | D:4      | Noticed skk's ghost (amateur DsAs)
  2230 | D:4      | Killed skk's ghost
  2230 | D:4      | Reached skill level 5 in Earth Magic
  2230 | D:4      | Reached XP level 5. HP: 21/38 MP: 0/10
  2230 | D:4      | Reached XP level 6. HP: 25/45 MP: 0/11
  2429 | D:3      | Reached skill level 6 in Earth Magic
  2816 | D:4      | Learned a level 5 spell: Lee's Rapid Deconstruction
  2834 | D:4      | Your scales start taking on a lurid green colour.
  2834 | D:4      | Reached XP level 7. HP: 49/50 MP: 2/13
  2834 | D:4      | Gained mutation: Your system is resistant to poisons. [Green Draconian growth]
  2847 | D:4      | Quit the game

Vault maps used:
D:1:      minmay_arrival_four_houses, minmay_cupped
D:2:      uniq_iyjb
D:4:      first_bread, minmay_misc_feat_columns, minmay_misc_feat_five

Skill      XL: |  1  2  3  4  5  6 |
---------------+-------------------+-----
Earth Magic    | 4 5 6 |  6.8
Spellcasting   | 3 4 |  4.3
Dodging        | |  1.7
Stealth        | |  1.7
Transmutations | |  1.0

Action                   |  1- 3 |  4- 6 |  7- 9 || total
-------------------------+-------+-------+-------++-------
Melee: Unarmed           |    47 |       |       ||    47
       Tailslap          |     9 |     4 |       ||    13
       Spear             |    55 |    33 |       ||    88
 Cast: Sandblast         |    61 |    57 |       ||   118
       Lee's Rapid Decon |       |     1 |     1 ||     2
 Stab: Sleeping          |     1 |     2 |       ||     3
  Eat: Chunk             |     1 |     6 |       ||     7
Armor: Skin              |    54 |    25 |       ||    79
Dodge: Dodged            |    91 |    48 |       ||   139
